SAAA
TREMONT DOUBLEDAYS @ ATHLETIC CLUB KC RESERVES
07/11/2034
 
TOP OF THE 1ST
Tremont Doubledays batting - Pitching for Athletic Club KC Reserves : RHP Jorge Cintrón
Pitching: RHP Jorge Cintrón
Batting: RHB Jorge Rodríguez 0-0: Ball
1-0: Fly out, F4 (Popup, 4MS)
Batting: RHB Héctor Amaya 0-0: Called Strike
0-1: Fly out, F8 (Flyball, 8LXD)
Batting: LHB Jurg Ursin 0-0: Foul Ball, location: 2F
0-1: Ball
1-1: Ground out 6-3 (Groundball, 6)
Top of the 1st over - 0 runs, 0 hits, 0 errors, 0 left on base; Tremont 0 - Athletic Club KC 0
BOTTOM OF THE 1ST
Athletic Club KC Reserves batting - Pitching for Tremont Doubledays : RHP Dan Bond
Pitching: RHP Dan Bond
Batting: RHB Tony Osorio 0-0: Called Strike
0-1: Ball
1-1: Ground out 4-3 (Groundball, 4)
Batting: LHB Kwang-chih Feng 0-0: Called Strike
0-1: Ball
1-1: Called Strike
1-2: SINGLE (Groundball, 34D)
Batting: LHB Tsai Ng 0-0: Ball
1-0: Swinging Strike
1-1: Ball
2-1: Fly out, F9 (Flyball, 9S)
Batting: LHB Luis Miguel González 0-0: Ball
1-0: Ball
2-0: Foul Ball, location: 2F
2-1: Fly out, F8 (Flyball, 8LD)
Bottom of the 1st over - 0 runs, 1 hit, 0 errors, 1 left on base; Tremont 0 - Athletic Club KC 0
TOP OF THE 2ND
Tremont Doubledays batting - Pitching for Athletic Club KC Reserves : RHP Jorge Cintrón
Batting: RHB Dan Chrzan 0-0: Ball
1-0: Ground out 6-3 (Groundball, 6)
Batting: RHB Jeff Perkins 0-0: Ball
1-0: Ball
2-0: Swinging Strike
2-1: Swinging Strike
2-2: Ball
3-2: Foul Ball, location: 2F
3-2: Strikes out swinging
Batting: LHB Larry McLambroch 0-0: Ball
1-0: Ball
2-0: SINGLE (Flyball, 78S)
Batting: RHB Louis Teague 0-0: Ball
1-0: Called Strike
1-1: Fly out, F8 (Flyball, 89D)
Top of the 2nd over - 0 runs, 1 hit, 0 errors, 1 left on base; Tremont 0 - Athletic Club KC 0
BOTTOM OF THE 2ND
Athletic Club KC Reserves batting - Pitching for Tremont Doubledays : RHP Dan Bond
Batting: SHB Carlos Rodríguez 0-0: Called Strike
0-1: Fly out, F7 (Flyball, 7S)
Batting: RHB Tasuku Goto 0-0: Ball
1-0: Called Strike
1-1: Ball
2-1: Called Strike
2-2: Ball
3-2: Foul Ball, location: 2F
3-2: Strikes out swinging
Batting: LHB Manuel Domínguez 0-0: Ball
1-0: Fly out, F9 (Line Drive, 9LS)
Bottom of the 2nd over - 0 runs, 0 hits, 0 errors, 0 left on base; Tremont 0 - Athletic Club KC 0
TOP OF THE 3RD
Tremont Doubledays batting - Pitching for Athletic Club KC Reserves : RHP Jorge Cintrón
Batting: RHB Armaan Ebrahim 0-0: SOLO HOME RUN (Flyball, 78XD), Distance : 382 ft
Batting: RHB Jesús Jaramillo 0-0: Called Strike
0-1: Ball
1-1: Ball
2-1: Swinging Strike
2-2: Ball
3-2: Foul Ball, location: 2F
3-2: Foul Ball, location: 2F
3-2: Foul Ball, location: 2F
3-2: Strikes out swinging
Batting: RHB Jorge Rodríguez 0-0: Ball
1-0: Ground out 6-3 (Groundball, 6)
Batting: RHB Héctor Amaya 0-0: Foul Ball, location: 2F
0-1: Swinging Strike
0-2: Ball
1-2: Ground out 5-3 (Groundball, 5L)
Top of the 3rd over - 1 run, 1 hit, 0 errors, 0 left on base; Tremont 1 - Athletic Club KC 0
BOTTOM OF THE 3RD
Athletic Club KC Reserves batting - Pitching for Tremont Doubledays : RHP Dan Bond
Batting: RHB Troy Whitehurst 0-0: Foul Ball, location: 2F
0-1: Foul Ball, location: 2F
0-2: Ball
1-2: Ball
2-2: Ball
3-2: SINGLE (Groundball, 6MD)
Batting: RHB Pedro Solís 0-0: Ball
1-0: Called Strike
1-1: Grounds into double play, 6-4-3 (Groundball, 6)
Batting: RHB Tony Osorio 0-0: Called Strike
0-1: Ball
1-1: Ball
2-1: Foul Ball, location: 2F
2-2: Ball
3-2: SINGLE (Groundball, 56D)
Batting: LHB Kwang-chih Feng 0-0: Ball
1-0: Ball
2-0: Called Strike
2-1: SINGLE (Groundball, 4D)
Tony Osorio to second
Runner from 2nd tries for 3rd, SAFE, no throw
Batting: LHB Tsai Ng 0-0: Ball
1-0: Fly out, F7 (Line Drive, 7)
Bottom of the 3rd over - 0 runs, 3 hits, 0 errors, 2 left on base; Tremont 1 - Athletic Club KC 0
TOP OF THE 4TH
Tremont Doubledays batting - Pitching for Athletic Club KC Reserves : RHP Jorge Cintrón
Batting: LHB Jurg Ursin 0-0: Called Strike
0-1: Foul Ball, location: 2F
0-2: Fly out, F6 (Popup, 6)
Batting: RHB Dan Chrzan 0-0: SINGLE (Line Drive, 5D)
Batting: RHB Jeff Perkins 0-0: Called Strike
0-1: Called Strike
0-2: Ball
1-2: Ball
2-2: Fly out, F4 (Popup, 4M)
Batting: LHB Larry McLambroch 0-0: Called Strike
0-1: Swinging Strike
0-2: Strikes out swinging, 2-3 out at first.
Top of the 4th over - 0 runs, 1 hit, 0 errors, 1 left on base; Tremont 1 - Athletic Club KC 0
BOTTOM OF THE 4TH
Athletic Club KC Reserves batting - Pitching for Tremont Doubledays : RHP Dan Bond
Batting: LHB Luis Miguel González 0-0: Ball
1-0: Ball
2-0: Ball
3-0: Called Strike
3-1: Base on Balls
Batting: SHB Carlos Rodríguez 0-0: 2-RUN HOME RUN (Line Drive, 9D), Distance : 356 ft
Batting: RHB Tasuku Goto 0-0: Ball
1-0: Foul Ball, location: 2F
1-1: Fly out, F3 (Line Drive, 34)
Batting: LHB Manuel Domínguez 0-0: Ball
1-0: Called Strike
1-1: Ball
2-1: Foul Ball, location: 2F
2-2: Ball
3-2: Strikes out looking
Batting: RHB Troy Whitehurst 0-0: Ball
1-0: Ball
2-0: Called Strike
2-1: Foul Ball, location: 2F
2-2: Fly out, F7 (Flyball, 7S)
Bottom of the 4th over - 2 runs, 1 hit, 0 errors, 0 left on base; Tremont 1 - Athletic Club KC 2
TOP OF THE 5TH
Tremont Doubledays batting - Pitching for Athletic Club KC Reserves : RHP Jorge Cintrón
Batting: RHB Louis Teague 0-0: Called Strike
0-1: Swinging Strike
0-2: Ball
1-2: Ball
2-2: Ground out 1-3 (Groundball, 13)
Batting: RHB Armaan Ebrahim 0-0: Ground out U3 (Groundball, 34)
Batting: RHB Jesús Jaramillo 0-0: Ball
1-0: Foul Ball, location: 2F
1-1: Foul Ball, location: 2F
1-2: Foul Ball, location: 2F
1-2: Strikes out swinging
Top of the 5th over - 0 runs, 0 hits, 0 errors, 0 left on base; Tremont 1 - Athletic Club KC 2
BOTTOM OF THE 5TH
Athletic Club KC Reserves batting - Pitching for Tremont Doubledays : RHP Dan Bond
Batting: RHB Pedro Solís 0-0: Ball
1-0: Foul Ball, location: 2F
1-1: Ball
2-1: Fly out, F7 (Flyball, 78M)
Batting: RHB Tony Osorio 0-0: Ball
1-0: Ball
2-0: Ball
3-0: Base on Balls
Batting: LHB Kwang-chih Feng 0-0: Foul Ball, location: 2F
0-1: Called Strike
0-2: Foul Ball, location: 2F
0-2: Foul Ball, location: 2F
0-2: Ball
Tony Osorio steals 2nd base
1-2: Foul Ball, location: 2F
1-2: Ball
2-2: SINGLE (Groundball, 4MD)
Tony Osorio to third
Runner from 3rd tries for Home, SAFE, no throw
Batting: LHB Tsai Ng 0-0: Called Strike
0-1: Called Strike
0-2: Ball
1-2: Ball
2-2: Fielders Choice at 2nd, 4-6 (Groundball, 4)
Batting: LHB Luis Miguel González 0-0: Called Strike
0-1: Ball
1-1: Ball
2-1: Ball
3-1: Fielders Choice at 2nd, 6-4 (Groundball, 6)
Bottom of the 5th over - 1 run, 1 hit, 0 errors, 1 left on base; Tremont 1 - Athletic Club KC 3
TOP OF THE 6TH
Tremont Doubledays batting - Pitching for Athletic Club KC Reserves : RHP Jorge Cintrón
Batting: RHB Jorge Rodríguez 0-0: Ball
1-0: Called Strike
1-1: SINGLE (Line Drive, 7S)
Batting: RHB Héctor Amaya 0-0: Called Strike
0-1: Swinging Strike
0-2: Foul Ball, location: 2F
0-2: Ball
1-2: Ball
2-2: DOUBLE (Flyball, 8LXD)
Jorge Rodríguez to third
Batting: LHB Jurg Ursin 0-0: Called Strike
0-1: Ball
1-1: Ball
2-1: Swinging Strike
2-2: Foul Ball, location: 2F
2-2: Foul Ball, location: 2F
2-2: Foul Ball, location: 2F
2-2: SINGLE (Line Drive, 8LS)
Jorge Rodríguez scores
Héctor Amaya to third
Batting: RHB Dan Chrzan 0-0: Ball
1-0: Foul Ball, location: 2F
1-1: Swinging Strike
1-2: DOUBLE (Flyball, 78D)
Héctor Amaya scores
Jurg Ursin to third
Batting: RHB Jeff Perkins 0-0: Called Strike
0-1: Fly out, F8 (Line Drive, 89M)
Runner from 3rd tags up, SCORES, throw made
Batting: LHB Larry McLambroch 0-0: Intentional Walk
Batting: RHB Louis Teague 0-0: Ball
1-0: Foul Ball, location: 2F
1-1: Fly out, F9 (Flyball, 9)
Batting: RHB Armaan Ebrahim 0-0: 3-RUN HOME RUN (Flyball, 7LD), Distance : 335 ft
Pitching: LHP Ben Skelton
Batting: RHB Jesús Jaramillo 0-0: Ball
1-0: Swinging Strike
1-1: Foul Ball, location: 2F
1-2: Ground out U3 (Groundball, 3S)
Top of the 6th over - 6 runs, 5 hits, 0 errors, 0 left on base; Tremont 7 - Athletic Club KC 3
BOTTOM OF THE 6TH
Athletic Club KC Reserves batting - Pitching for Tremont Doubledays : RHP Dan Bond
Batting: SHB Carlos Rodríguez 0-0: Called Strike
0-1: Ball
1-1: Called Strike
1-2: Ball
2-2: Ground out U3 (Groundball, 23)
Batting: RHB Tasuku Goto 0-0: Ball
1-0: Called Strike
1-1: SINGLE (Groundball, 6S) (infield hit)
Batting: LHB Manuel Domínguez 0-0: Called Strike
0-1: Foul Ball, location: 2F
0-2: Ball
1-2: Strikes out swinging
Batting: RHB Troy Whitehurst 0-0: Swinging Strike
0-1: Ball
1-1: Ball
Tasuku Goto steals 2nd base
2-1: Fly out, F7 (Flyball, 78S)
Bottom of the 6th over - 0 runs, 1 hit, 0 errors, 1 left on base; Tremont 7 - Athletic Club KC 3
TOP OF THE 7TH
Tremont Doubledays batting - Pitching for Athletic Club KC Reserves : LHP Ben Skelton
Batting: RHB Jorge Rodríguez 0-0: Ball
1-0: Foul Ball, location: 2F
1-1: Ball
2-1: Foul Ball, location: 2F
2-2: Foul Ball, location: 2F
2-2: Ball
3-2: Ground out 5-3 (Groundball, 56)
Batting: RHB Héctor Amaya 0-0: Ball
1-0: Foul Ball, location: 2F
1-1: Foul Ball, location: 2F
1-2: Ball
2-2: SINGLE (Groundball, 4MD)
Batting: LHB Jurg Ursin 0-0: Swinging Strike
0-1: Ball
1-1: Ball
2-1: Foul Ball, location: 2F
2-2: Foul Ball, location: 2F
2-2: Strikes out swinging
Batting: RHB Dan Chrzan 0-0: Fly out, F8 (Flyball, 8LM)
Top of the 7th over - 0 runs, 1 hit, 0 errors, 1 left on base; Tremont 7 - Athletic Club KC 3
BOTTOM OF THE 7TH
Athletic Club KC Reserves batting - Pitching for Tremont Doubledays : RHP Dan Bond
Batting: RHB Pedro Solís 0-0: Fly out, F8 (Flyball, 78D)
Batting: RHB Tony Osorio 0-0: Called Strike
0-1: Ball
1-1: DOUBLE (Flyball, 78D)
Pitching: RHP Vinny Mariani
Batting: LHB Kwang-chih Feng 0-0: Ball
1-0: Ball
2-0: Fly out, F8 (Flyball, 8RM)
Batting: LHB Tsai Ng 0-0: Ball
1-0: Ball
2-0: Ground out 4-3 (Groundball, 4)
Bottom of the 7th over - 0 runs, 1 hit, 0 errors, 1 left on base; Tremont 7 - Athletic Club KC 3
TOP OF THE 8TH
Tremont Doubledays batting - Pitching for Athletic Club KC Reserves : LHP Ben Skelton
Batting: RHB Jeff Perkins 0-0: Foul Ball, location: 2F
0-1: Swinging Strike
0-2: SINGLE (Line Drive, 8RS)
Batting: LHB Larry McLambroch 0-0: Ball
1-0: Ball
2-0: Ball
3-0: Reached on error, E1 (Groundball, 13)
Jeff Perkins to second
Batting: RHB Louis Teague 0-0: Ball
1-0: Ball
2-0: SINGLE (Line Drive, 6MS)
Jeff Perkins to third
Larry McLambroch to second
Batting: RHB Armaan Ebrahim 0-0: Ball
1-0: Called Strike
1-1: Ball
2-1: Swinging Strike
2-2: Grounds into fielders choice 5-2 (Groundball, 25)
Larry McLambroch to third
Louis Teague to second
Batting: RHB Jesús Jaramillo 0-0: Ball
1-0: Foul Ball, location: 2F
1-1: Ball
2-1: Ball
3-1: Foul Ball, location: 2F
3-2: Foul Ball, location: 2F
3-2: SINGLE (Line Drive, 7S)
Larry McLambroch scores
Louis Teague to third
Armaan Ebrahim to second
Batting: RHB Jorge Rodríguez 0-0: Foul Ball, location: 2F
0-1: Ball
1-1: Foul Ball, location: 2F
1-2: Ball
2-2: Foul Ball, location: 2F
2-2: Strikes out swinging
Batting: RHB Héctor Amaya 0-0: Fielders Choice at 2nd, 6-4 (Groundball, 56)
Top of the 8th over - 1 run, 3 hits, 1 error, 3 left on base; Tremont 8 - Athletic Club KC 3
BOTTOM OF THE 8TH
Athletic Club KC Reserves batting - Pitching for Tremont Doubledays : RHP Vinny Mariani
Now at 2B: Brad Mosley
Now at 3B: Domingo Morín
Batting: LHB Luis Miguel González 0-0: SOLO HOME RUN (Flyball, 9LD), Distance : 342 ft
Batting: SHB Carlos Rodríguez 0-0: Ball
1-0: Called Strike
1-1: Foul Ball, location: 2F
1-2: Foul Ball, location: 2F
1-2: Ball
2-2: Ball
3-2: Base on Balls
Batting: RHB Tasuku Goto 0-0: Ball
1-0: Swinging Strike
1-1: Called Strike
1-2: Ball
2-2: Ball
3-2: Fly out, F9 (Flyball, 9D)
Batting: LHB Manuel Domínguez 0-0: Grounds into double play, 4-6-3 (Groundball, 4D)
Bottom of the 8th over - 1 run, 1 hit, 0 errors, 0 left on base; Tremont 8 - Athletic Club KC 4
TOP OF THE 9TH
Tremont Doubledays batting - Pitching for Athletic Club KC Reserves : LHP Ben Skelton
Batting: LHB Jurg Ursin 0-0: Ball
1-0: Ball
2-0: Called Strike
2-1: SINGLE (Groundball, 34D)
Batting: RHB Dan Chrzan 0-0: Ball
1-0: Ball
2-0: Called Strike
2-1: Called Strike
2-2: Ball
3-2: Ground out 4-3 (Groundball, 4)
Jurg Ursin to second
Batting: RHB Jeff Perkins 0-0: Foul Ball, location: 2F
0-1: Called Strike
0-2: Ball
1-2: Reached via error on a dropped throw, E1
Jurg Ursin to third
Batting: LHB Larry McLambroch 0-0: Ball
1-0: Ball
2-0: Ball
3-0: Base on Balls
Jeff Perkins to second
Batting: RHB Louis Teague 0-0: Called Strike
0-1: Grounds into fielders choice 5-2 (Groundball, 5)
Jeff Perkins to third
Larry McLambroch to second
Batting: RHB Domingo Morín 0-0: Ball
1-0: Fielders Choice at 2nd, 6-4 (Groundball, 56)
Top of the 9th over - 0 runs, 1 hit, 1 error, 3 left on base; Tremont 8 - Athletic Club KC 4
BOTTOM OF THE 9TH
Athletic Club KC Reserves batting - Pitching for Tremont Doubledays : RHP Vinny Mariani
Batting: RHB Troy Whitehurst 0-0: Ball
1-0: Ball
2-0: Foul Ball, location: 2F
2-1: Foul Ball, location: 2F
2-2: Ground out U3 (Groundball, 3)
Batting: RHB Pedro Solís 0-0: Called Strike
0-1: Ball
1-1: Swinging Strike
1-2: Strikes out swinging
Batting: RHB Tony Osorio 0-0: Ball
1-0: Called Strike
1-1: Foul Ball, location: 2F
1-2: Ball
2-2: Foul Ball, location: 2F
2-2: Ball
3-2: Ground out 4-3 (Groundball, 4M)
Bottom of the 9th over - 0 runs, 0 hits, 0 errors, 0 left on base; Tremont 8 - Athletic Club KC 4
Friday, March 29th, 2019 - OOTP Baseball 18.8 Build 76